 Dungeon Crawl Stone Soup version 0.32-a0-666-ge8a88695a4 (webtiles) character file.

Game seed: 5170599958705003985

13017 pokeman the Eclecticist (level 11, -4/60 HPs)
             Began as a Deep Elf Hedge Wizard on Mar 9, 2024.
             Was a Priest of Vehumet.
             Slain by a skeletal warrior
             ... wielding a +0 glaive
              (16 damage)
             ... on level 11 of the Dungeon.
             The game lasted 00:23:11 (9953 turns).

pokeman the Eclecticist (Deep Elf Hedge Wizard)     Turns: 9953, Time: 00:23:12

Health: -4/60      AC: 12    Str:  7    XL:     11   Next: 70%
Magic:  7/32       EV: 13    Int: 31    God:    Vehumet [***...]
Gold:   800        SH:  0    Dex: 14    Spells: 30/41 levels left

rFire   + . .        E - +9 hand axe of the Lettuce {flame, rF+ rCorr}
rCold   + . .        (no shield)
rNeg    . . .        u - +7 toga "Victory" {*Victory Int+7 Slay+7 Clar}
rPois   .            c - +0 hat
rElec   .            o - +0 cloak {Stlth+}
rCorr   +            N - +0 pair of gloves
SInv    .            D - +0 pair of boots
Will    ++...        p - amulet of the acrobat
Stlth   +++          r - ring of protection from cold
HPRegen 0.30/turn    y - ring of willpower
MPRegen 0.23/turn

%: acrobat, clarity
@: no status effects
A: no striking features
a: Renounce Religion


You were on level 11 of the Dungeon.
You worshipped Vehumet.
Vehumet was most pleased with you.
You visited 2 branches of the dungeon, and saw 12 of its levels.

You collected 800 gold pieces.

Inventory:

Hand Weapons
 m - the +1 hammer of Karma {freeze, rF+ rC- rN+ Will+}
   (You found it on level 2 of the Dungeon)

   rF+:       It protects you from fire.
   rC-:       It makes you vulnerable to cold.
   rN+:       It protects you from negative energy.
   Will+:     It increases your willpower.
 n - a +3 quarterstaff of chaos
 t - a +0 dagger of venom
 E - the +9 hand axe of the Lettuce (weapon) {flame, rF+ rCorr}
   (You found it on level 5 of the Dungeon)

   rF+:       It protects you from fire.
   rCorr:     It protects you from acid and corrosion.
Missiles
 I - 2 throwing nets
Armour
 c - a +0 hat (worn)
 k - a +2 buckler
 l - a scarf of invisibility
 o - a +0 cloak of stealth (worn)
 u - the +7 toga "Victory" (worn) {*Victory Int+7 Slay+7 Clar}
   (You found it on level 3 of the Dungeon)

   *Victory:  When the wearer kills a threatening monster, it has a chance to
   gain +1 AC, +1 Slay, and +1 Int, capping at +7.
   When the wearer uses a scroll or a potion with a hostile monster in sight,
   its bonuses reset to +0.
   Unequipping it also resets its bonuses to +0.
   Int+7:     It affects your intelligence (+7).
   Slay+7:    It affects your accuracy & damage with ranged weapons and melee
   (+7).
   Clar:      It protects you from confusion, rage, mesmerisation and fear.
 D - a +0 pair of boots (worn)
 N - a +0 pair of gloves (worn)
Magical Staves
 b - a staff of death
Jewellery
 p - an amulet of the acrobat (around neck)
 r - a ring of protection from cold (left hand)
 y - a ring of willpower (right hand)
 L - a ring of fire
 M - a ring of see invisible
Wands
 z - a wand of mindburst (27)
 A - a wand of flame (16)
 F - a wand of iceblast (14)
Scrolls
 e - 5 scrolls of noise {unknown}
 g - a scroll of fear {unknown}
 h - a scroll of immolation {unknown}
 j - 9 scrolls of identify {unknown}
 q - a scroll of enchant weapon {unknown}
 B - a scroll of revelation {unknown}
 C - 2 scrolls of amnesia {unknown}
 G - a scroll of fog {unknown}
 H - 3 scrolls of teleportation {unknown}
 J - a scroll of torment {unknown}
 K - a scroll of poison {unknown}
Potions
 a - a potion of invisibility {unknown}
 d - 2 potions of magic
 f - 2 potions of enlightenment {unknown}
 i - 2 potions of heal wounds {unknown}
 s - 2 potions of resistance {unknown}
 v - 4 potions of curing {unknown}
 w - a potion of berserk rage {unknown}
 x - 3 potions of ambrosia {unknown}
 O - a potion of might {unknown}


   Skills:
 + Level 3.2 Fighting
 - Level 4.0 Armour
 - Level 3.2 Dodging
 - Level 3.0 Stealth
 - Level 4.0 Shields
 * Level 15.8 Spellcasting
 + Level 9.3 Conjurations
 - Level 1.1 Summonings
 - Level 9.0 Necromancy
 - Level 1.1 Translocations
 - Level 1.0 Air Magic
 + Level 3.0 Earth Magic
 - Level 1.1 Alchemy
 - Level 1.1 Evocations


You had 30 spell levels left.
You knew the following spells:

 Your Spells              Type           Power      Damage    Failure   Level
a - Magic Dart            Conj           100%       1d8       1%          1
b - Mephitic Cloud        Conj/Alch/Air  48%        N/A       1%          3
c - Call Imp              Summ           62%        N/A       1%          2
d - Blink                 Tloc           62%        N/A       1%          2
e - Stone Arrow           Conj/Erth      100%       3d13      1%          3

Your spell library contained the following spells:

 Spells                   Type           Power      Damage    Failure   Level
 Frozen Ramparts          Ice            48%        1d8       1%          3
 Slow                     Hex            96%        N/A       1%          1
 Cigotuvi's Dreadful Rot  Necr/Alch/Air  94%        N/A       1%          2
 Dazzling Flash           Conj/Hex       100%       N/A       1%          3
 Fugue of the Fallen      Necr           69%        N/A       1%          3
 Curse of Agony           Necr           69%        N/A       1%          5
 Ensorcelled Hibernation  Hex/Ice        48%        N/A       2%          2
 Anguish                  Hex/Necr       25%        N/A       2%          4
 Borgnjor's Vile Clutch   Necr/Erth      29%        N/A       4%          5
 Ozocubu's Armour         Ice            24%        N/A       5%          3
 Conjure Ball Lightning   Conj/Air       27%        3x3d8     9%          6
 Manifold Assault         Tloc           31%        N/A       12%         4
 Alistair's Intoxication  Alch           20%        N/A       30%         5
 Summon Forest            Summ/Tloc      15%        N/A       32%         5
 Summon Mana Viper        Hex/Summ       27%        N/A       36%         5
 Silence                  Hex/Air        13%        N/A       38%         5
 Eringya's Noxious Bog    Alch           15%        4d6       38%         6
 Summon Cactus Giant      Summ           15%        N/A       87%         6
 Summon Hydra             Summ           15%        N/A       100%        7
 Discord                  Hex            12%        N/A       100%        8
 Disjunction              Tloc           15%        N/A       100%        8


Dungeon Overview and Level Annotations

Branches:
Dungeon (11/15)            Temple (1/1) D:5            Lair (0/5) D:8
    Orc (0/2) D:9

Altars:
Ashenzari
Cheibriados
Dithmenos
Elyvilon
Fedhas
Gozag
Hepliaklqana
Kikubaaqudgha
Makhleb
Nemelex Xobeh
Okawaru
Qazlal
Ru
Sif Muna
Trog
Uskayaw
Vehumet
Wu Jian
Xom
Yredelemnul
Zin
The Shining One

Shops:
D:10 *


Message History

The stone arrow hits the skeletal warrior.
The skeletal warrior is severely damaged.
The skeletal warrior closely misses you.
Unknown command.
Casting: Stone Arrow (safe; 1% risk of failure)
Confirm with . or Enter, or press ? or * to list all spells.
Aiming: Stone Arrow (safe; 1% risk of failure)
Press: ? - help, Shift-Dir - straight line, f/p - skeletal warrior
Aim: a skeletal warrior, wielding a +0 glaive (severely damaged, 78% to hit)
The stone arrow hits the skeletal warrior but does no damage.
The skeletal warrior is severely damaged.
The skeletal warrior hits you from afar with a +0 glaive!!
Unknown command.
Casting: Stone Arrow (safe; 1% risk of failure)
Confirm with . or Enter, or press ? or * to list all spells.
Aiming: Stone Arrow (safe; 1% risk of failure)
Press: ? - help, Shift-Dir - straight line, f/p - skeletal warrior
Aim: a skeletal warrior, wielding a +0 glaive (severely damaged, 78% to hit)
The stone arrow hits the skeletal warrior!
The skeletal warrior is almost destroyed.
The skeletal warrior closely misses you.
Unknown command.
Casting: Stone Arrow (safe; 1% risk of failure)
Confirm with . or Enter, or press ? or * to list all spells.
Aiming: Stone Arrow (safe; 1% risk of failure)
Press: ? - help, Shift-Dir - straight line, f/p - skeletal warrior
Aim: a skeletal warrior, wielding a +0 glaive (almost destroyed, 78% to hit)
The stone arrow misses the skeletal warrior.
The skeletal warrior hits you from afar with a +0 glaive!
* * * LOW HITPOINT WARNING * * *
Unknown command.
Casting: Stone Arrow (safe; 1% risk of failure)
Confirm with . or Enter, or press ? or * to list all spells.
Aiming: Stone Arrow (safe; 1% risk of failure)
Press: ? - help, Shift-Dir - straight line, f/p - skeletal warrior
Aim: a skeletal warrior, wielding a +0 glaive (almost destroyed, 78% to hit)
The stone arrow hits the skeletal warrior.
The skeletal warrior is almost destroyed.
The skeletal warrior hits you from afar with a +0 glaive!
You die...

......'.....#
#######.....#
#.....#
#.....#
####'## # #.#
.. ###'## ...
#######....#
....
#...z.@....#
.....
##.#####>...#
z.z...#(.#
#....#
...z.?z.##
#....#
...z..###
###### ......
#####


You could see a skeletal warrior.

Vanquished Creatures
  3 two-headed ogres
  A sixfirhy (D:7)
  A cyclops (D:8)
  An elephant (D:8)
  Joseph (D:7)
  Maggie (D:8)
  2 komodo dragons (D:8)
  9 trolls
  A wyvern (D:5)
  15 yaks
  Grum (D:8)
  4 vampire mosquitoes (D:10)
  An acid dragon (D:8)
  2 water moccasins
  An ice beast (D:6)
  A black bear (D:4)
  A sky beast (D:8)
  4 orc warriors
  2 wolves (D:8)
  4 centaurs
  A kobold brigand (D:8)
  A phantom (D:5)
  3 bullfrogs (D:8)
  4 scorpions
  4 wights (D:8)
  16 killer bees
  3 howler monkeys
  An electric eel (D:6)
  A bombardier beetle (D:4)
  2 hounds
  3 orc priests
  Crazy Yiuf (D:2)
  4 jellies
  5 iguanas
  12 orc wizards
  9 adders
  2 white imps
  A dart slug (D:3)
  2 ribbon worms
  28 orcs
  6 ball pythons
  8 endoplasms
  5 giant cockroaches
  8 goblins
  3 hobgoblins
  2 quokkas
  10 bats
  A frilled lizard (D:1)
  3 kobolds (D:8)
  5 rats
210 creatures vanquished.

Vanquished Creatures (collateral kills)
  An ice beast (D:8)
  An orc priest (D:9)
  2 orcs (D:9)
4 creatures vanquished.

Grand Total: 214 creatures vanquished

Notes
Turn   | Place    | Note
-------+----------+-------------------------------------------
     0 | D:1      | pokeman the Deep Elf Hedge Wizard began the quest for the
                  | Orb.
     0 | D:1      | Reached XP level 1. HP: 10/10 MP: 7/7
   276 | D:1      | Reached XP level 2. HP: 15/16 MP: 2/9
   906 | D:1      | Reached skill level 5 in Spellcasting
   999 | D:2      | Reached XP level 3. HP: 20/20 MP: 5/11
  1003 | D:2      | Learned a level 3 spell: Mephitic Cloud
  1006 | D:2      | Learned a level 2 spell: Call Imp
  1009 | D:2      | Learned a level 2 spell: Blink
  1214 | D:2      | Reached skill level 1 in Fighting
  1214 | D:2      | Reached skill level 1 in Armour
  1338 | D:2      | Reached XP level 4. HP: 25/25 MP: 11/13
  1395 | D:2      | Identified the +1 hammer of Karma {freeze, rF+ rC- rN+
                  | Will+}
  1397 | D:2      | Found a runed translucent door.
  1398 | D:2      | Noticed Crazy Yiuf
  1408 | D:2      | Killed Crazy Yiuf
  1598 | D:3      | Noticed an orc warrior
  1604 | D:3      | Killed an orc warrior
  1605 | D:3      | Reached skill level 1 in Shields
  1605 | D:3      | Reached skill level 6 in Spellcasting
  1605 | D:3      | Reached XP level 5. HP: 29/29 MP: 7/15
  1771 | D:3      | Found the +0 toga "Victory" {*Victory Clar}
  1871 | D:3      | Found an iron altar of Okawaru.
  1950 | D:3      | Found a shimmering blue altar of Sif Muna.
  1953 | D:3      | Found a stormy altar of Qazlal.
  1989 | D:3      | Reached XP level 6. HP: 34/34 MP: 10/17
  2233 | D:4      | Reached skill level 1 in Alchemy
  2299 | D:4      | Reached skill level 1 in Air Magic
  2467 | D:4      | Reached skill level 7 in Spellcasting
  2467 | D:4      | Reached skill level 1 in Necromancy
  2467 | D:4      | Reached skill level 1 in Evocations
  2738 | D:4      | Reached XP level 7. HP: 38/38 MP: 19/19
  2944 | D:5      | Entered Level 5 of the Dungeon
  3373 | D:5      | Reached skill level 8 in Spellcasting
  3387 | D:5      | Found a staircase to the Ecumenical Temple.
  3408 | Temple   | Entered the Ecumenical Temple
  3421 | Temple   | Became a worshipper of Vehumet
  3581 | D:5      | Identified the +9 hand axe of the Lettuce {flame, rF+
                  | rCorr}
  3763 | D:5      | Noticed a wyvern
  3769 | D:5      | Killed a wyvern
  3770 | D:5      | Reached XP level 8. HP: 44/44 MP: 14/22
  3915 | D:6      | Noticed a +0 spear
  3915 | D:6      | Noticed a +0 spear
  3915 | D:6      | Noticed a +0 short sword
  3915 | D:6      | Noticed a +0 dagger
  3915 | D:6      | Noticed a +0 falchion
  3915 | D:6      | Noticed a +0 falchion
  3915 | D:6      | Noticed a +0 dagger
  3915 | D:6      | Noticed a +0 short sword
  4081 | D:6      | Reached skill level 9 in Spellcasting
  4188 | D:6      | Noticed a troll
  4207 | D:6      | Killed a troll
  4208 | D:6      | Reached skill level 5 in Conjurations
  4306 | D:6      | Found a burning altar of Makhleb.
  4426 | D:6      | Reached skill level 10 in Spellcasting
  4763 | D:6      | Found a hide-covered altar of Uskayaw.
  4839 | D:6      | Found a white marble altar of Elyvilon.
  4957 | D:7      | Found a bloodstained altar of Trog.
  5228 | D:7      | Noticed Joseph
  5239 | D:7      | Reached skill level 5 in Necromancy
  5248 | D:7      | Reached XP level 9. HP: 40/48 MP: 16/25
  5258 | D:7      | Reached * piety under Vehumet
  5258 | D:7      | Offered knowledge of Sting by Vehumet.
  5260 | D:7      | Killed Joseph
  5261 | D:7      | Reached skill level 11 in Spellcasting
  5434 | D:7      | Found a runed translucent door.
  5434 | D:7      | Noticed a sixfirhy
  5669 | D:7      | Killed a sixfirhy
  5826 | D:8      | Noticed Maggie
  5856 | D:8      | Killed Maggie
  5857 | D:8      | Reached skill level 12 in Spellcasting
  6177 | D:8      | Noticed an elephant
  6189 | D:8      | Killed an elephant
  6201 | D:8      | Noticed a komodo dragon
  6209 | D:8      | Reached XP level 10. HP: 47/53 MP: 25/28
  6226 | D:8      | Offered knowledge of Static Discharge by Vehumet.
  6253 | D:8      | Noticed Grum
  6261 | D:8      | Killed Grum
  6261 | D:8      | Reached ** piety under Vehumet
  6357 | D:8      | Reached skill level 13 in Spellcasting
  6483 | D:8      | Found a staircase to the Lair.
  6597 | D:8      | Noticed a two-headed ogre
  6627 | D:8      | Killed a two-headed ogre
  6811 | D:8      | Noticed a cyclops
  6825 | D:8      | Killed a cyclops
  6858 | D:8      | Reached skill level 14 in Spellcasting
  6923 | D:8      | Noticed a two-headed ogre
  6932 | D:8      | HP: 1/53 [two-headed ogre/+0 giant club (23)]
  6937 | D:8      | Killed a two-headed ogre
  7624 | D:9      | Reached XP level 11. HP: 41/57 MP: 28/31
  7731 | D:9      | Offered knowledge of Stone Arrow by Vehumet.
  7738 | D:9      | Learned a level 3 spell: Stone Arrow
  7755 | D:9      | Reached *** piety under Vehumet
  7812 | D:9      | Found a staircase to the Orcish Mines.
  7998 | D:9      | Found a hazy altar of Hepliaklqana.
  8220 | D:9      | Noticed a two-headed ogre
  8226 | D:9      | Killed a two-headed ogre
  8227 | D:9      | Reached skill level 15 in Spellcasting
  8417 | D:9      | Found a snail-covered altar of Cheibriados.
  8461 | D:9      | Reached skill level 1 in Earth Magic
  8543 | D:10     | Entered Level 10 of the Dungeon
  8570 | D:10     | Offered knowledge of Frozen Ramparts by Vehumet.
  8940 | D:10     | Found Hohuocw's Mass Market.
  9937 | D:11     | Noticed a skeletal warrior
  9937 | D:11     | Noticed a skeletal warrior
  9937 | D:11     | Noticed a skeletal warrior
  9937 | D:11     | Noticed a skeletal warrior
  9937 | D:11     | Noticed a skeletal warrior
  9953 | D:11     | Slain by a skeletal warrior

Illustrated notes

Levels and vault maps discovered:
D:1:      wander_arrival_fairy_ring, layout_basic
D:2:      layout_rooms, uniq_crazy_yiuf_cottage
D:3:      layout_rooms, kennysheep_okawaru_gauntlet,
          nicolae_overflow_hidden_temple
D:4:      layout_cave_pods
D:5:      layout_basic, minmay_temple_entry_glassed_door
D:6:      layout_rooms, makhleb_heckhound_becter, nicolae_uskayaw_en_pointe,
          nicolae_elyvilon_temple_path, serial_bayou_pond_d
D:7:      cheibrodos_shockbox, layout_loops_ring, mainiacjoe_overflow_boulevard,
          grunt_decor_one_mirror, hangedman_abyss_or_decor_lesser_grid,
          uniq_joseph
D:8:      minmay_chambers_of_sevens, layout_basic,
          grunt_lair_entry_orc_guard_hut, uniq_grum, uniq_maggie
D:9:      layout_roguey, slow_altar_2, mainiacjoe_overflow_cross_hatched,
          hiddenorc1_lemuel
D:10:     layout_rooms, serial_co_window_serial, co_window_corner_a,
          co_window_paths_b, co_window_paths_a, co_window_paths_b,
          co_window_of_opportunity_a, co_window_corner_cb, co_window_paths_c,
          co_window_2corner, co_window_unsneaky_path_b, co_window_corner_b,
          co_window_broadway_c, co_window_corner_b, co_window_4corner_a,
          co_window_paths_d, glass_columns_c, minmay_shop_mass,
          serial_park_tiny_2
D:11:     layout_roguey
Temple:   nicolae_temple_bog_church

Skill      XL: |  1  2  3  4  5  6  7  8  9 10 11 |
---------------+----------------------------------+-----
Spellcasting   | 5 6 7 8 10 12 14 15 | 15.8
Conjurations   | 2 3 4 5 7 8 9 |  9.3
Fighting       | 1 2 3 |  3.2
Armour         | 1 2 4 |  4.0
Dodging        | 3 |  3.2
Shields        | 1 3 4 |  4.0
Stealth        | 3 |  3.0
Alchemy        | 1 |  1.1
Air Magic      | 1 |  1.0
Necromancy     | 1 3 5 6 8 9 |  9.0
Evocations     | 1 |  1.1
Earth Magic    | 3 |  3.0
Summonings     | |  1.1
Translocations | |  1.1

Action                     |  1- 3 |  4- 6 |  7- 9 | 10-12 || total
---------------------------+-------+-------+-------+-------++-------
  Melee: Arbalest          |       |     1 |       |       ||     1
         Hand axe          |       |       |    65 |   127 ||   192
   Fire: Arbalest          |     5 |    58 |    28 |       ||    91
   Cast: Magic Dart        |    75 |    30 |   144 |    63 ||   312
         Mephitic Cloud    |       |     4 |    17 |    28 ||    49
         Call Imp          |       |       |     1 |     9 ||    10
         Blink             |       |       |     1 |     1 ||     2
         Stone Arrow       |       |       |       |    40 ||    40
  Evoke: Wand              |       |       |       |     5 ||     5
   Stab: Confused          |       |       |     9 |    17 ||    26
         Distracted        |       |       |       |     1 ||     1
 Armour: Robe              |     8 |     5 |    59 |    71 ||   143
  Dodge: Dodged            |    15 |    15 |    84 |    94 ||   208

Table legend: (Time is in decaauts)
 A = Elapsed time spent in this place.
 B = Non-inter-level travel time spent in this place.
 C = Inter-level travel time spent in this place.
 D = Time resting spent in this place.
 E = Time spent auto-exploring this place.
 F = Levels seen in this place.
 G = Mean time per level.
                   A        B        C        D        E       F      G
               +--------+--------+--------+--------+--------+-----+--------+
         Total |  10089 |   9835 |    254 |     40 |   8351 |  12 |  840.8 |
       Dungeon |  10062 |   9832 |    230 |     40 |   8351 |  11 |  914.7 |
        Temple |     26 |      2 |     24 |      0 |      0 |   1 |   26.0 |
               +--------+--------+--------+--------+--------+-----+--------+

Top non-repeatable levels by time:
     D:8: 1903 daAuts
    D:10: 1242 daAuts
     D:5: 969 daAuts
     D:6: 963 daAuts
     D:9: 955 daAuts
     D:1: 940 daAuts
     D:7: 854 daAuts
     D:4: 749 daAuts
     D:3: 660 daAuts
     D:2: 650 daAuts
    D:11: 174 daAuts
  Temple: 26 daAuts
